AoeStats
← Martes

Black Forest

505357481Analyzed
3v3 RM · 23d ago on Sep 9, 2026· 70m 24s· 6 players
Game mode
Random Map
Map size
Normal (6 player)
Population
200
Speed
Normal
Resources
Standard
Victory
Conquest
Starting age
Dark Age
Ending age
Imperial Age
RankedLock teamsTeams togetherTeam positionsShared explorationLock speedFull tech treeHidden civsTurbo modeCheats
Victory
Defeat
🇨🇱 Franks · Chile
916
+14
🇺🇸 Tatars · United States
896
+15
🇨🇦 Bohemians · Canada
857
+16
🇺🇾 Huns · Uruguay
982
-19
🇺🇾 Teutons · Uruguay
952
-18
🇺🇾 Hindustanis · Uruguay
671
-10
Teblu
0:28 Loom
13:52 Feudal Age
20:03 Castle Age
20:28 Fletching
20:38 Padded Archer Armor
21:32 Double-Bit Axe
21:30 Horse Collar
31:59 Bow Saw
32:27 Bloodlines
32:18 Husbandry
33:40 Wheelbarrow
33:50 Ballistics
37:49 Imperial Age
36:00 Bodkin Arrow
36:12 Elite Skirmisher
37:14 Leather Archer Armor
42:09 Hand Cart
42:04 Heavy Cavalry Archer
49:26 Conscription
49:11 Gold Mining
49:11 Stone Mining
49:24 Bracer
49:55 Ring Archer Armor
51:43 Onager
52:57 Timurid Siegecraft
52:58 Silk Armor
53:49 Elite Keshik
54:14 Light Cavalry
56:41 Caravan
57:28 Town Watch
59:03 Scale Barding Armor
59:09 Forging
61:42 Hussar
DeVinci_Qc
1:19 Loom
12:05 Feudal Age
12:37 Double-Bit Axe
12:34 Horse Collar
17:13 Wheelbarrow
22:59 Castle Age
24:02 Bow Saw
23:54 Heavy Plow
25:18 Hand Cart
30:34 Imperial Age
28:27 Town Watch
29:48 Masonry
31:03 Fortified Wall
34:39 Chemistry
35:40 Ballistics
35:44 Town Patrol
36:27 Conscription
38:39 Houfnice
40:26 Elite Hussite Wagon
41:15 Hussite Reforms
42:20 Caravan
42:51 Coinage
42:31 Guilds
43:43 Pikeman
44:23 Squires
44:09 Arson
44:41 Forging
44:31 Scale Mail Armor
44:47 Halberdier
50:04 Banking
52:17 Iron Casting
51:58 Chain Mail Armor
51:48 Scale Barding Armor
58:41 Two-Man Saw
71:04 Architecture
70:45 Siege Engineers
Mr. Pulento
1:45 Loom
13:15 Feudal Age
13:55 Double-Bit Axe
15:47 Wheelbarrow
20:12 Castle Age
19:13 Gold Mining
19:14 Stone Mining
21:08 Hand Cart
22:25 Gold Shaft Mining
22:34 Bow Saw
27:23 Town Watch
30:14 Imperial Age
28:06 Forging
28:02 Scale Barding Armor
29:43 Iron Casting
30:12 Chain Barding Armor
31:23 Husbandry
31:19 Cavalier
32:07 Town Patrol
33:12 Blast Furnace
32:48 Plate Barding Armor
33:09 Paladin
34:46 Scale Mail Armor
35:30 Elite Skirmisher
36:48 Chain Mail Armor
36:59 Ballistics
42:38 Chivalry
43:12 Padded Archer Armor
43:03 Fletching
44:15 Chemistry
44:31 Bodkin Arrow
44:52 Leather Archer Armor
46:07 Light Cavalry
58:35 Plate Mail Armor
65:00 Pikeman
67:53 Halberdier
Filho da Polka
0:56 Loom
12:20 Feudal Age
13:03 Double-Bit Axe
21:33 Castle Age
23:24 Bow Saw
24:13 Fishing Lines
26:02 Wheelbarrow
32:09 Imperial Age
30:15 Gold Mining
31:33 Gold Shaft Mining
31:27 Ballistics
32:11 Fletching
32:22 Padded Archer Armor
33:39 Parthian Tactics
34:20 Chemistry
33:36 Hand Cart
33:06 Town Watch
33:45 Conscription
34:31 Bloodlines
34:22 Husbandry
34:30 Scale Barding Armor
34:35 Forging
34:23 Bodkin Arrow
35:11 Thumb Ring
35:09 Bracer
35:02 Horse Collar
36:40 Leather Archer Armor
36:26 Heavy Cavalry Archer
44:35 Marauders
44:01 Light Cavalry
44:40 Hussar
48:41 Masonry
50:13 Scale Barding Armor
52:34 Chain Barding Armor
52:24 Forging
Martes
9:10 Loom
12:34 Feudal Age
20:21 Castle Age
18:51 Bloodlines
30:13 Double-Bit Axe
33:13 Horse Collar
34:04 Heavy Plow
37:34 Scale Barding Armor
38:18 Forging
41:28 Iron Casting
42:48 Wheelbarrow
44:37 Grand Trunk Road
47:20 Imperial Age
46:15 Hand Cart
48:35 Chain Barding Armor
49:16 Blast Furnace
47:51 Heavy Camel Rider
48:35 Husbandry
49:12 Bow Saw
52:05 Plate Barding Armor
50:56 Imperial Camel Rider
51:56 Town Watch
55:07 Town Patrol
58:58 Conscription
59:15 Hoardings
58:14 Light Cavalry
62:03 Town Patrol
R E P T I L E
12:20 Feudal Age
13:32 Arson
13:07 Man-at-Arms
13:59 Man-at-Arms
15:11 Horse Collar
16:28 Double-Bit Axe
17:56 Scale Mail Armor
20:29 Wheelbarrow
23:46 Castle Age
22:22 Stone Mining
22:43 Gold Mining
25:26 Forging
25:58 Heavy Plow
26:13 Bow Saw
26:18 Squires
26:38 Elite Skirmisher
27:12 Fletching
28:48 Padded Archer Armor
31:01 Loom
31:20 Caravan
31:21 Town Watch
31:59 Bodkin Arrow
32:34 Hand Cart
32:31 Town Patrol
36:49 Imperial Age
35:11 Ballistics
35:01 Masonry
35:03 Fortified Wall
36:07 Iron Casting
35:48 Leather Archer Armor
35:07 Pikeman
37:44 Ironclad
38:04 Conscription
37:59 Siege Engineers
38:55 Chemistry
37:58 Capped Ram
38:46 Halberdier
41:34 Crenellations
41:35 Elite Teutonic Knight
43:36 Chain Mail Armor
44:22 Blast Furnace
44:51 Plate Mail Armor
56:07 Hoardings
63:38 Ring Archer Armor
Connection lost

Rejoining the realm…

Still unreachable

The connection could not be restored.

Session expired

The server has moved on; the page needs a fresh start.